[ AOE2 MATCH · #483118876 ]
UnrankedVikings vs Teutons
Player's team · LOSS
[ REPLAY ANALYSIS · EXTRACTED FROM THE RECORDED GAME ]
Feudal
9:34
Castle
23:17
Imperial
—
| APM avg | 52.8 |
| APM peak | 101 |
| eAPM avg | 26.1 |
| Villagers / military | 122 / 54 |
Focus
⚔️ 41.2% · 🌾 58.8%
Berserk ×21 · Galley ×19 · Fire Galley ×7 · Unknown (2626) ×5 · Scorpion ×3 · Fishing Ship ×3
Feudal
13:09
Castle
16:43
Imperial
34:38
| APM avg | 70.0 |
| APM peak | 135 |
| eAPM avg | 38.7 |
| Villagers / military | 123 / 150 |
Focus
⚔️ 40.2% · 🌾 59.8%
Spearman ×69 · Knight ×45 · Trade Cog ×20 · Fire Galley ×19 · Fishing Ship ×16 · Monk ×7
Feudal
10:58
Castle
16:04
Imperial
—
| APM avg | 48.8 |
| APM peak | 131 |
| eAPM avg | 25.4 |
| Villagers / military | 90 / 63 |
Focus
⚔️ 38.7% · 🌾 61.3%
Unknown (2626) ×60 · Fire Galley ×58 · Fishing Ship ×13 · Galley ×3 · Monk ×1 · Transport Ship ×1
Feudal
9:41
Castle
21:45
Imperial
—
| APM avg | 71.7 |
| APM peak | 110 |
| eAPM avg | 28.5 |
| Villagers / military | 135 / 61 |
Focus
⚔️ 36.4% · 🌾 63.6%
Galley ×37 · Fishing Ship ×11 · Iron Pagoda ×10 · Battering Ram ×7 · Monk ×5 · Scorpion ×1
Feudal
10:08
Castle
19:49
Imperial
—
| APM avg | 48.4 |
| APM peak | 94 |
| eAPM avg | 23.2 |
| Villagers / military | 140 / 66 |
Focus
⚔️ 26.8% · 🌾 73.2%
Cavalry Archer ×35 · Battering Ram ×9 · Knight ×8 · Fishing Ship ×6 · Scout Cavalry ×6 · Mangonel ×3
Feudal
9:44
Castle
20:13
Imperial
—
| APM avg | 52.2 |
| APM peak | 83 |
| eAPM avg | 22.6 |
| Villagers / military | 117 / 97 |
Focus
⚔️ 40.1% · 🌾 59.9%
Bolas Rider ×64 · Galley ×23 · Mangonel ×7 · Fishing Ship ×5 · Unknown (2626) ×2 · Monk ×1
Feudal
11:24
Castle
16:29
Imperial
—
| APM avg | 44.9 |
| APM peak | 97 |
| eAPM avg | 23.1 |
| Villagers / military | 99 / 63 |
Focus
⚔️ 36.2% · 🌾 63.8%
Scorpion ×30 · Knight ×23 · Fishing Ship ×19 · Scout Cavalry ×7 · Monk ×2 · Transport Ship ×1
Feudal
9:40
Castle
21:12
Imperial
34:12
| APM avg | 44.4 |
| APM peak | 73 |
| eAPM avg | 25.3 |
| Villagers / military | 91 / 95 |
Focus
⚔️ 53.4% · 🌾 46.6%
Fire Galley ×77 · Galley ×12 · Fishing Ship ×10 · Cataphract ×4 · Unknown (1795) ×4 · Trade Cog ×2
Match map
Initial resources + every placement click. Lines = walls · curves = elevation contours. ◆ gold · ⬟ stone · ● berries · ✦ relic · ◌ wall gap
Your base· ✓ Map-separated
Oni.TaToH's base· ✓ Map-separated
VN_DarK_KnighT_'s base· ✓ Map-separated
[R1] RumBa's base· ✓ Map-separated
VN_MiLLeNcOlin's base· ✓ Map-separated
c3mbrich!'s base· ✓ Map-separated
VN_KoNFeR's base· ✓ Map-separated
Poxo's base· ✓ Map-separated
Smoothed initial terrain · ◌ = detected wall gap · hover for details
Inputs per minute
— VN_Zko - - Oni.TaToH
Build order — VN_Zko
First 150 of 306 actions detected
| 0:01 | Create | Villager (Male) |
| 0:02 | Build | House |
| 0:04 | Build | House |
| 0:07 | Create | Villager (Male) |
| 0:09 | Create | Villager (Male) |
| 0:09 | Create | Villager (Male) |
| 1:31 | Build | Lumber Camp |
| 1:32 | Create | Villager (Male) |
| 1:43 | Create | Villager (Male) |
| 2:23 | Create | Villager (Male) |
| 2:51 | Create | Villager (Male) |
| 3:19 | Build | House |
| 3:23 | Create | Villager (Male) |
| 3:24 | Create | Villager (Male) |
| 3:39 | Create | Villager (Male) |
| 3:39 | Create | Villager (Male) |
| 3:45 | Build | Dock |
| 4:10 | Create | Villager (Male) |
| 4:43 | Create | Villager (Male) |
| 4:43 | Create | Villager (Male) |
| 4:51 | Create | Fishing Ship |
| 5:10 | Create | Villager (Male) |
| 5:11 | Create | Villager (Male) |
| 5:18 | Build | House |
| 5:30 | Create | Villager (Male) |
| 5:30 | Create | Villager (Male) |
| 5:55 | Create | Fishing Ship |
| 5:56 | Create | Villager (Male) |
| 6:23 | Create | Villager (Male) |
| 6:35 | Create | Villager (Male) |
| 6:36 | Create | Fishing Ship |
| 6:43 | Build | House |
| 7:24 | Research | Feudal Age |
| 7:25 | Research | Feudal Age |
| 7:39 | Build | Mining Camp |
| 8:23 | Build | Dock |
| 8:57 | Create | Villager (Male) |
| 9:34 | Age | Feudal Age |
| 9:36 | Create | Galley |
| 9:37 | Create | Galley |
| 9:38 | Create | Villager (Male) |
| 9:40 | Research | Double-Bit Axe |
| 10:14 | Create | Galley |
| 10:14 | Create | Galley |
| 10:18 | Create | Villager (Male) |
| 10:28 | Build | House |
| 10:36 | Research | Town Watch |
| 10:48 | Create | Villager (Male) |
| 10:54 | Create | Galley |
| 11:20 | Create | Galley |
| 11:20 | Create | Galley |
| 11:23 | Create | Villager (Male) |
| 11:25 | Create | Villager (Male) |
| 11:34 | Build | House |
| 11:37 | Build | Dock |
| 11:49 | Create | Villager (Male) |
| 12:02 | Build | Lumber Camp |
| 12:07 | Create | Villager (Male) |
| 12:13 | Create | Galley |
| 12:13 | Create | Galley |
| 12:34 | Create | Villager (Male) |
| 12:39 | Create | Villager (Male) |
| 12:40 | Create | Galley |
| 12:40 | Create | Galley |
| 12:46 | Create | Villager (Male) |
| 12:53 | Create | Villager (Male) |
| 13:09 | Build | Blacksmith |
| 13:25 | Create | Galley |
| 13:26 | Create | Galley |
| 13:27 | Build | House |
| 13:39 | Create | Villager (Male) |
| 13:41 | Build | House |
| 13:41 | Build | House |
| 13:42 | Build | House |
| 13:43 | Create | Galley |
| 13:44 | Create | Galley |
| 13:53 | Research | Fletching |
| 13:53 | Research | Fletching |
| 14:14 | Create | Villager (Male) |
| 14:19 | Create | Galley |
| 14:19 | Create | Galley |
| 14:20 | Create | Villager (Male) |
| 14:21 | Create | Galley |
| 14:22 | Create | Galley |
| 14:28 | Build | House |
| 14:46 | Create | Fire Galley |
| 14:46 | Create | Fire Galley |
| 14:55 | Create | Villager (Male) |
| 14:59 | Build | House |
| 15:24 | Create | Villager (Male) |
| 15:27 | Build | Stone Wall |
| 15:33 | Build | Mill |
| 15:50 | Create | Fire Galley |
| 15:50 | Create | Fire Galley |
| 16:00 | Create | Villager (Male) |
| 16:14 | Build | House |
| 16:20 | Build | Market |
| 16:27 | Create | Villager (Male) |
| 16:40 | Create | Fire Galley |
| 16:40 | Create | Fire Galley |
| 16:56 | Create | Villager (Male) |
| 17:07 | Create | Fire Galley |
| 17:09 | Create | Villager (Male) |
| 17:21 | Create | Villager (Male) |
| 17:52 | Create | Villager (Male) |
| 17:53 | Create | Villager (Male) |
| 18:00 | Create | Unit 2626 ×5 |
| 18:01 | Create | Villager (Male) |
| 18:22 | Create | Transport Ship |
| 18:22 | Create | Transport Ship |
| 18:37 | Create | Villager (Male) |
| 18:45 | Research | Tech 906 |
| 18:52 | Create | Villager (Male) |
| 19:51 | Research | Loom |
| 20:05 | Create | Villager (Male) |
| 20:13 | Research | Castle Age |
| 20:22 | Build | Lumber Camp |
| 21:12 | Build | Lumber Camp |
| 21:29 | Build | Mining Camp |
| 22:47 | Build | Farm |
| 22:48 | Build | Farm |
| 22:48 | Build | Farm |
| 22:48 | Build | Farm |
| 22:48 | Build | Farm |
| 22:48 | Build | Farm |
| 22:49 | Build | Farm |
| 22:51 | Research | Horse Collar |
| 23:17 | Create | Villager (Male) |
| 23:17 | Age | Castle Age |
| 23:19 | Build | Town Center |
| 23:21 | Create | Villager (Male) |
| 23:24 | Create | Villager (Male) |
| 23:41 | Create | Villager (Male) |
| 24:01 | Create | Villager (Male) |
| 24:07 | Build | Town Center |
| 24:13 | Create | Villager (Male) |
| 24:17 | Build | Farm |
| 24:18 | Build | Farm |
| 24:19 | Build | Farm |
| 24:30 | Create | Villager (Male) |
| 25:02 | Build | Town Center |
| 25:05 | Create | Villager (Male) |
| 25:06 | Create | Villager (Male) |
| 25:06 | Create | Villager (Male) |
| 25:08 | Build | Farm |
| 25:27 | Create | Villager (Male) |
| 25:40 | Create | Villager (Male) |
| 25:51 | Build | Palisade Wall |
| 25:57 | Build | House |
| 26:02 | Create | Villager (Male) |
Build order — Oni.TaToH
First 150 of 482 actions detected
| 0:01 | Create | Villager (Male) ×4 |
| 0:02 | Build | House |
| 0:03 | Build | House |
| 1:25 | Create | Villager (Male) |
| 1:59 | Create | Villager (Male) |
| 1:59 | Create | Villager (Male) |
| 2:11 | Build | Lumber Camp |
| 2:18 | Create | Villager (Male) |
| 2:40 | Create | Villager (Male) |
| 2:40 | Create | Villager (Male) |
| 3:14 | Create | Villager (Male) |
| 3:15 | Create | Villager (Male) |
| 3:25 | Build | House |
| 3:32 | Create | Villager (Male) |
| 3:33 | Create | Villager (Male) |
| 4:09 | Create | Villager (Male) |
| 4:09 | Create | Villager (Male) |
| 4:17 | Build | Dock |
| 4:27 | Create | Villager (Male) |
| 4:54 | Create | Villager (Male) |
| 5:08 | Build | House |
| 5:14 | Create | Fishing Ship |
| 5:23 | Create | Villager (Male) |
| 5:44 | Create | Fishing Ship |
| 5:46 | Create | Villager (Male) |
| 6:07 | Create | Villager (Male) |
| 6:19 | Build | Lumber Camp |
| 6:24 | Create | Fishing Ship |
| 6:31 | Create | Villager (Male) |
| 6:43 | Build | House |
| 7:00 | Create | Villager (Male) |
| 7:04 | Create | Fishing Ship |
| 7:12 | Create | Villager (Male) |
| 7:37 | Build | Dock |
| 7:41 | Create | Villager (Male) |
| 7:49 | Create | Fishing Ship |
| 7:57 | Build | House |
| 8:05 | Create | Villager (Male) |
| 8:14 | Create | Fishing Ship |
| 8:15 | Create | Villager (Male) |
| 8:27 | Create | Fishing Ship |
| 8:32 | Create | Villager (Male) |
| 8:38 | Create | Fishing Ship |
| 8:45 | Build | House |
| 9:00 | Create | Fishing Ship |
| 9:03 | Create | Villager (Male) |
| 9:18 | Create | Villager (Male) |
| 9:26 | Build | Dock |
| 9:36 | Create | Villager (Male) |
| 9:40 | Create | Fishing Ship |
| 9:45 | Create | Villager (Male) |
| 10:00 | Create | Fishing Ship |
| 10:03 | Build | House |
| 10:19 | Create | Fishing Ship |
| 10:19 | Create | Fishing Ship |
| 10:39 | Build | Mining Camp |
| 10:46 | Research | Feudal Age |
| 10:51 | Create | Fishing Ship |
| 11:06 | Build | House |
| 11:08 | Create | Fishing Ship |
| 11:14 | Create | Fishing Ship |
| 11:49 | Build | Mill |
| 12:07 | Build | House |
| 12:20 | Create | Villager (Male) |
| 12:33 | Create | Transport Ship |
| 13:09 | Age | Feudal Age |
| 13:12 | Build | Market |
| 13:13 | Build | Blacksmith |
| 13:16 | Research | Double-Bit Axe |
| 13:26 | Create | Villager (Male) |
| 13:34 | Create | Fire Galley |
| 13:39 | Research | Tech 906 |
| 13:39 | Research | Tech 906 |
| 13:41 | Research | Gold Mining |
| 13:53 | Create | Fire Galley |
| 14:03 | Research | Castle Age |
| 14:03 | Research | Castle Age |
| 14:13 | Create | Fire Galley |
| 14:13 | Create | Fire Galley |
| 14:28 | Create | Fire Galley |
| 14:33 | Build | House |
| 14:33 | Build | House |
| 14:37 | Build | House |
| 14:39 | Build | House |
| 14:49 | Create | Fire Galley |
| 14:51 | Create | Villager (Male) |
| 15:10 | Create | Villager (Male) |
| 15:41 | Create | Fire Galley |
| 15:51 | Create | Fire Galley |
| 15:55 | Build | Barracks |
| 15:58 | Create | Fire Galley |
| 16:09 | Build | House |
| 16:28 | Create | Spearman |
| 16:29 | Create | Spearman |
| 16:43 | Age | Castle Age |
| 16:46 | Research | War Galley (upgrade) |
| 16:47 | Research | Bow Saw |
| 16:47 | Create | Villager (Male) |
| 17:10 | Create | Villager (Male) |
| 17:13 | Build | Town Center |
| 17:20 | Create | Fire Galley |
| 17:42 | Create | Fire Galley |
| 17:56 | Create | Fire Galley |
| 18:00 | Create | Villager (Male) |
| 18:02 | Build | House |
| 18:05 | Create | Fire Galley |
| 18:29 | Create | Villager (Male) |
| 18:30 | Create | Villager (Male) |
| 18:34 | Create | Villager (Male) |
| 18:38 | Build | Monastery |
| 18:43 | Create | Fire Galley |
| 18:43 | Create | Fire Galley |
| 18:51 | Create | Villager (Male) |
| 18:57 | Create | Villager (Male) |
| 19:06 | Build | Lumber Camp |
| 19:17 | Create | Fire Galley |
| 19:21 | Create | Villager (Male) |
| 19:22 | Build | House |
| 19:23 | Create | Monk |
| 19:34 | Create | Fire Galley |
| 19:41 | Create | Villager (Male) |
| 19:45 | Build | Town Center |
| 19:52 | Create | Fire Galley |
| 19:56 | Build | House |
| 19:58 | Create | Villager (Male) |
| 20:11 | Create | Fire Galley |
| 20:15 | Create | Villager (Male) |
| 20:18 | Build | Mining Camp |
| 20:19 | Create | Villager (Male) |
| 20:24 | Build | Lumber Camp |
| 20:33 | Create | Spearman |
| 20:33 | Create | Spearman |
| 20:37 | Create | Monk |
| 20:42 | Create | Villager (Male) |
| 20:48 | Create | Spearman |
| 20:50 | Research | Town Watch |
| 20:51 | Research | Loom |
| 20:53 | Create | Villager (Male) |
| 21:08 | Build | Mining Camp |
| 21:10 | Create | Villager (Male) |
| 21:14 | Create | Spearman |
| 21:21 | Create | Monk |
| 21:22 | Create | Villager (Male) |
| 21:27 | Create | Villager (Male) |
| 21:29 | Create | Villager (Male) |
| 21:31 | Research | Stone Mining |
| 21:32 | Create | Villager (Male) |
| 21:37 | Build | University |
| 21:43 | Research | Gillnets |
| 21:43 | Research | Gillnets |
Build order — VN_DarK_KnighT_
First 150 of 317 actions detected
| 0:01 | Create | Villager (Male) ×4 |
| 0:03 | Build | House |
| 0:05 | Build | House |
| 1:33 | Create | Villager (Male) |
| 1:45 | Build | Lumber Camp |
| 2:00 | Create | Villager (Male) |
| 2:23 | Create | Villager (Male) |
| 2:52 | Create | Villager (Male) |
| 2:52 | Create | Villager (Male) |
| 3:47 | Create | Villager (Male) |
| 3:47 | Create | Villager (Male) |
| 3:51 | Build | Dock |
| 4:26 | Build | House |
| 4:29 | Build | House |
| 4:32 | Research | Loom |
| 4:45 | Create | Fishing Ship |
| 4:58 | Create | Villager (Male) |
| 4:59 | Create | Villager (Male) |
| 4:59 | Create | Villager (Male) |
| 5:25 | Create | Villager (Male) |
| 5:26 | Create | Villager (Male) |
| 5:26 | Create | Villager (Male) |
| 5:31 | Create | Fishing Ship |
| 5:36 | Build | House |
| 6:06 | Create | Fishing Ship |
| 6:14 | Create | Villager (Male) |
| 6:48 | Create | Villager (Male) |
| 6:54 | Create | Fishing Ship |
| 6:56 | Build | House |
| 7:36 | Create | Villager (Male) |
| 7:39 | Build | Lumber Camp |
| 7:46 | Build | House |
| 8:02 | Create | Fishing Ship |
| 8:02 | Create | Fishing Ship |
| 8:14 | Create | Villager (Male) |
| 8:38 | Build | Dock |
| 8:48 | Research | Feudal Age |
| 8:48 | Research | Feudal Age |
| 8:54 | Create | Fishing Ship |
| 9:00 | Build | House |
| 9:11 | Build | Mill |
| 9:33 | Create | Fishing Ship |
| 9:49 | Build | Mining Camp |
| 10:00 | Create | Villager (Male) |
| 10:01 | Build | House |
| 10:05 | Create | Fishing Ship |
| 10:49 | Create | Villager (Male) |
| 10:58 | Age | Feudal Age |
| 11:00 | Build | Blacksmith |
| 11:01 | Create | Fishing Ship |
| 11:27 | Build | Market |
| 11:52 | Create | Fishing Ship |
| 12:00 | Create | Fishing Ship |
| 12:02 | Create | Villager (Male) |
| 12:18 | Build | House |
| 12:27 | Create | Villager (Male) |
| 12:36 | Create | Fishing Ship |
| 12:38 | Research | Tech 906 |
| 13:18 | Create | Galley |
| 13:22 | Create | Galley |
| 13:24 | Research | Castle Age |
| 13:34 | Create | Galley |
| 13:48 | Create | Unit 2626 |
| 14:02 | Build | Dock |
| 14:05 | Research | Forging |
| 14:19 | Create | Unit 2626 |
| 14:46 | Create | Unit 2626 |
| 14:47 | Create | Unit 2626 |
| 15:03 | Build | House |
| 15:09 | Create | Unit 2626 |
| 15:20 | Create | Unit 2626 |
| 15:28 | Build | House |
| 15:36 | Build | House |
| 16:04 | Age | Castle Age |
| 16:05 | Build | Lumber Camp |
| 16:09 | Research | War Galley (upgrade) |
| 16:09 | Research | War Galley (upgrade) |
| 16:12 | Create | Villager (Male) |
| 16:15 | Research | Iron Casting |
| 16:28 | Create | Unit 2626 |
| 16:35 | Create | Villager (Male) |
| 16:48 | Create | Unit 2626 |
| 16:55 | Create | Unit 2626 |
| 17:02 | Create | Villager (Male) |
| 17:07 | Create | Unit 2626 |
| 17:21 | Create | Villager (Male) |
| 17:38 | Create | Unit 2626 |
| 17:43 | Create | Villager (Male) ×3 |
| 17:47 | Create | Unit 2626 |
| 18:08 | Build | Lumber Camp |
| 18:10 | Create | Villager (Male) |
| 18:10 | Create | Unit 2626 |
| 18:19 | Create | Unit 2626 |
| 18:22 | Create | Villager (Male) |
| 18:30 | Create | Villager (Male) |
| 18:43 | Create | Unit 2626 |
| 18:43 | Create | Unit 2626 |
| 18:45 | Create | Villager (Male) |
| 18:58 | Research | Double-Bit Axe |
| 19:11 | Create | Unit 2626 |
| 19:25 | Build | House |
| 19:25 | Build | House |
| 19:31 | Create | Fire Galley |
| 19:35 | Create | Fire Galley |
| 19:36 | Create | Villager (Male) |
| 19:47 | Research | Bow Saw |
| 19:56 | Create | Fire Galley |
| 19:56 | Create | Fire Galley |
| 20:00 | Create | Villager (Male) |
| 20:08 | Create | Fire Galley |
| 20:08 | Create | Unit 2626 |
| 20:25 | Create | Fire Galley |
| 20:25 | Create | Fire Galley |
| 20:26 | Create | Villager (Male) |
| 20:34 | Build | House |
| 20:35 | Build | House |
| 20:44 | Create | Fire Galley |
| 20:45 | Create | Villager (Male) |
| 20:55 | Create | Fire Galley |
| 20:59 | Create | Villager (Male) |
| 21:01 | Create | Transport Ship |
| 21:12 | Create | Villager (Male) |
| 21:24 | Build | University |
| 21:27 | Build | House |
| 21:38 | Create | Fire Galley |
| 21:39 | Create | Fire Galley |
| 21:46 | Build | Lumber Camp |
| 21:53 | Create | Villager (Male) |
| 21:59 | Create | Fire Galley |
| 22:00 | Create | Villager (Male) |
| 22:19 | Create | Fire Galley |
| 22:21 | Create | Villager (Male) |
| 22:39 | Create | Fire Galley |
| 22:43 | Create | Villager (Male) |
| 22:51 | Research | Tech 908 |
| 22:56 | Create | Fire Galley |
| 22:57 | Create | Villager (Male) |
| 23:36 | Create | Fire Galley |
| 23:37 | Create | Fire Galley |
| 23:37 | Create | Fire Galley |
| 23:42 | Research | Careening |
| 23:50 | Create | Fire Galley |
| 23:58 | Build | Dock |
| 24:19 | Create | Fire Galley |
| 24:20 | Create | Fire Galley |
| 24:34 | Create | Fire Galley |
| 24:35 | Create | Villager (Male) |
| 24:44 | Create | Fire Galley |
| 24:58 | Create | Villager (Male) |
| 25:02 | Create | Fire Galley |
Build order — [R1] RumBa
First 150 of 313 actions detected
| 0:01 | Create | Villager (Male) |
| 0:02 | Create | Villager (Male) |
| 0:02 | Create | Villager (Male) |
| 0:02 | Create | Villager (Male) |
| 0:03 | Build | House |
| 0:04 | Build | House |
| 1:23 | Create | Villager (Male) |
| 1:51 | Build | Lumber Camp |
| 1:55 | Create | Villager (Male) |
| 2:31 | Create | Villager (Male) |
| 2:31 | Create | Villager (Male) |
| 2:47 | Create | Villager (Male) |
| 3:20 | Create | Villager (Male) |
| 3:21 | Create | Villager (Male) |
| 3:25 | Build | House |
| 3:41 | Create | Villager (Male) |
| 4:04 | Create | Villager (Male) |
| 4:05 | Create | Villager (Male) |
| 4:43 | Build | Dock |
| 4:47 | Create | Villager (Male) |
| 4:49 | Create | Villager (Male) |
| 5:15 | Build | House |
| 5:28 | Create | Fishing Ship |
| 5:28 | Create | Fishing Ship |
| 5:38 | Create | Villager (Male) |
| 5:39 | Create | Villager (Male) |
| 6:09 | Create | Villager (Male) |
| 6:09 | Create | Villager (Male) |
| 6:15 | Create | Villager (Male) |
| 6:15 | Create | Villager (Male) |
| 6:19 | Create | Villager (Male) |
| 6:19 | Create | Villager (Male) |
| 6:26 | Create | Fishing Ship |
| 6:26 | Create | Fishing Ship |
| 6:31 | Create | Villager (Male) |
| 6:32 | Create | Villager (Male) |
| 6:55 | Research | Loom |
| 7:05 | Create | Fishing Ship |
| 7:31 | Research | Feudal Age |
| 8:09 | Build | Mining Camp |
| 8:38 | Build | Dock |
| 8:53 | Build | House |
| 9:17 | Build | Lumber Camp |
| 9:40 | Create | Villager (Male) |
| 9:41 | Age | Feudal Age |
| 9:43 | Create | Galley |
| 9:43 | Create | Galley |
| 9:57 | Research | Double-Bit Axe |
| 9:58 | Research | Double-Bit Axe |
| 10:04 | Create | Villager (Male) |
| 10:27 | Create | Galley |
| 10:32 | Create | Villager (Male) |
| 10:45 | Create | Villager (Male) |
| 10:52 | Create | Galley |
| 10:55 | Build | House |
| 10:59 | Create | Galley |
| 11:20 | Create | Galley |
| 11:35 | Create | Villager (Male) |
| 11:42 | Build | Mill |
| 11:43 | Create | Villager (Male) |
| 11:50 | Build | Blacksmith |
| 11:53 | Create | Villager (Male) |
| 11:55 | Build | House |
| 12:03 | Create | Villager (Male) |
| 12:07 | Research | Town Watch |
| 12:25 | Research | Fletching |
| 12:32 | Create | Galley |
| 12:33 | Create | Villager (Male) |
| 13:15 | Create | Villager (Male) |
| 13:16 | Create | Villager (Male) |
| 13:27 | Create | Galley |
| 13:27 | Create | Galley |
| 13:27 | Create | Galley |
| 13:27 | Create | Galley |
| 13:30 | Build | House |
| 13:31 | Build | House |
| 13:31 | Build | House |
| 13:34 | Create | Villager (Male) |
| 14:17 | Create | Galley |
| 14:17 | Create | Galley |
| 14:18 | Create | Villager (Male) |
| 14:23 | Build | Pasture |
| 14:25 | Research | Tech 1014 |
| 15:11 | Create | Villager (Male) |
| 15:14 | Build | Pasture |
| 15:14 | Create | Villager (Male) |
| 15:25 | Research | Wheelbarrow |
| 15:25 | Create | Villager (Male) |
| 15:40 | Create | Fishing Ship |
| 15:40 | Create | Fishing Ship |
| 15:42 | Research | Tech 906 |
| 15:45 | Create | Villager (Male) |
| 15:53 | Create | Villager (Male) |
| 15:53 | Create | Villager (Male) |
| 16:01 | Create | Villager (Male) |
| 16:11 | Create | Villager (Male) |
| 16:23 | Create | Villager (Male) |
| 16:23 | Create | Villager (Male) |
| 16:54 | Create | Galley |
| 16:54 | Create | Galley |
| 16:54 | Create | Galley |
| 17:16 | Create | Villager (Male) |
| 17:19 | Create | Villager (Male) |
| 17:23 | Create | Villager (Male) |
| 17:26 | Create | Villager (Male) |
| 17:33 | Create | Galley |
| 17:33 | Create | Galley |
| 17:52 | Build | Market |
| 18:31 | Create | Villager (Male) |
| 18:35 | Build | House |
| 19:05 | Research | Castle Age |
| 19:05 | Research | Castle Age |
| 19:11 | Build | Dock |
| 19:14 | Create | Fishing Ship |
| 19:14 | Create | Fishing Ship |
| 19:19 | Create | Villager (Male) |
| 20:23 | Create | Galley |
| 20:23 | Create | Galley |
| 20:24 | Create | Galley |
| 20:24 | Create | Galley |
| 20:48 | Build | House |
| 20:49 | Build | House |
| 20:50 | Build | House |
| 20:50 | Build | House |
| 20:51 | Build | House |
| 20:51 | Build | House |
| 21:10 | Build | Lumber Camp |
| 21:36 | Create | Galley |
| 21:37 | Create | Galley |
| 21:37 | Create | Galley |
| 21:45 | Age | Castle Age |
| 21:53 | Research | War Galley (upgrade) |
| 21:54 | Research | Bodkin Arrow |
| 22:40 | Create | Villager (Male) |
| 22:42 | Build | Monastery |
| 22:43 | Build | University |
| 22:47 | Build | Lumber Camp |
| 23:01 | Create | Villager (Male) |
| 23:14 | Build | Lumber Camp |
| 23:27 | Create | Villager (Male) |
| 23:45 | Research | Ballistics |
| 23:52 | Create | Villager (Male) |
| 24:10 | Research | Careening |
| 24:11 | Research | Tech 908 |
| 24:23 | Create | Transport Ship |
| 24:52 | Create | Villager (Male) |
| 24:53 | Create | Villager (Male) |
| 24:57 | Create | Galley |
| 24:57 | Create | Galley |
| 24:57 | Create | Galley |
Build order — VN_MiLLeNcOlin
First 150 of 330 actions detected
| 0:00 | Create | Villager (Male) |
| 0:02 | Build | House |
| 0:04 | Build | House |
| 0:11 | Create | Villager (Male) |
| 0:11 | Create | Villager (Male) |
| 0:11 | Create | Villager (Male) |
| 1:27 | Create | Villager (Male) |
| 1:27 | Create | Villager (Male) |
| 1:46 | Create | Villager (Male) |
| 2:06 | Build | Lumber Camp |
| 2:09 | Create | Villager (Male) |
| 2:25 | Create | Villager (Male) |
| 2:53 | Create | Villager (Male) |
| 3:09 | Build | House |
| 3:14 | Create | Villager (Male) |
| 3:39 | Create | Villager (Male) |
| 4:13 | Create | Villager (Male) |
| 4:34 | Build | Dock |
| 4:44 | Create | Villager (Male) |
| 4:50 | Build | House |
| 5:05 | Create | Villager (Male) |
| 5:07 | Create | Villager (Male) |
| 5:27 | Create | Villager (Male) |
| 5:33 | Create | Fishing Ship |
| 5:43 | Create | Fishing Ship |
| 5:50 | Create | Villager (Male) |
| 6:03 | Create | Villager (Male) |
| 6:03 | Create | Villager (Male) |
| 6:23 | Create | Fishing Ship |
| 6:29 | Create | Villager (Male) |
| 6:52 | Research | Loom |
| 7:11 | Create | Villager (Male) |
| 7:23 | Create | Fishing Ship |
| 7:39 | Build | House |
| 7:58 | Research | Feudal Age |
| 8:37 | Build | Mining Camp |
| 8:45 | Create | Fishing Ship |
| 9:14 | Create | Transport Ship |
| 10:08 | Age | Feudal Age |
| 10:11 | Create | Villager (Male) |
| 10:20 | Build | House |
| 10:28 | Build | Dock |
| 10:36 | Create | Villager (Male) |
| 10:43 | Build | House |
| 10:47 | Research | Double-Bit Axe |
| 10:47 | Research | Double-Bit Axe |
| 10:59 | Create | Villager (Male) |
| 11:12 | Create | Villager (Male) |
| 11:17 | Build | Barracks |
| 11:26 | Create | Fishing Ship |
| 11:28 | Create | Villager (Male) |
| 11:47 | Create | Villager (Male) |
| 11:49 | Build | House |
| 12:05 | Create | Villager (Male) |
| 12:20 | Build | Stable |
| 12:23 | Create | Villager (Male) |
| 13:02 | Create | Demolition Raft |
| 13:03 | Create | Demolition Raft |
| 13:08 | Create | Villager (Male) |
| 13:18 | Build | House |
| 13:19 | Create | Villager (Male) |
| 13:21 | Build | Blacksmith |
| 13:34 | Create | Demolition Raft |
| 13:36 | Create | Villager (Male) |
| 14:23 | Create | Villager (Male) |
| 14:28 | Build | Mill |
| 14:35 | Create | Villager (Male) |
| 14:52 | Build | Farm |
| 14:52 | Build | Farm |
| 14:53 | Build | Farm |
| 14:57 | Build | Farm |
| 15:13 | Build | Farm |
| 15:15 | Build | Farm |
| 15:16 | Create | Villager (Male) |
| 15:58 | Create | Villager (Male) |
| 16:06 | Build | Lumber Camp |
| 16:12 | Build | Market |
| 16:16 | Create | Scout Cavalry |
| 16:28 | Create | Villager (Male) |
| 16:31 | Build | Farm |
| 16:33 | Build | Farm |
| 16:50 | Create | Villager (Male) |
| 16:54 | Build | Lumber Camp |
| 17:09 | Research | Castle Age |
| 17:42 | Create | Scout Cavalry |
| 17:58 | Build | Dock |
| 18:09 | Build | Dock |
| 18:45 | Build | Dock |
| 18:53 | Build | House |
| 19:19 | Build | Dock |
| 19:35 | Build | Dock |
| 19:49 | Age | Castle Age |
| 19:49 | Create | Villager (Male) |
| 19:51 | Research | Bow Saw |
| 19:53 | Research | Fletching |
| 19:55 | Create | Scout Cavalry |
| 20:10 | Create | Transport Ship |
| 20:17 | Create | Villager (Male) |
| 20:22 | Build | House |
| 20:27 | Build | House |
| 20:27 | Build | House |
| 20:36 | Create | Villager (Male) |
| 21:08 | Create | Villager (Male) |
| 21:12 | Create | Villager (Male) |
| 21:22 | Create | Villager (Male) |
| 21:26 | Create | Scout Cavalry |
| 21:36 | Build | Town Center |
| 21:40 | Create | Villager (Male) |
| 21:49 | Create | Scout Cavalry |
| 22:01 | Build | Farm |
| 22:02 | Build | Farm |
| 22:04 | Build | House |
| 22:04 | Build | House |
| 22:23 | Build | Town Center |
| 22:31 | Create | Scout Cavalry |
| 22:32 | Research | Light Cavalry (upgrade) |
| 22:34 | Create | Villager (Male) |
| 22:36 | Build | Farm |
| 22:38 | Build | Farm |
| 22:44 | Build | Farm |
| 22:46 | Build | Farm |
| 22:58 | Create | Villager (Male) |
| 23:07 | Build | Farm |
| 23:14 | Build | House |
| 23:24 | Create | Villager (Male) |
| 23:28 | Build | Archery Range |
| 23:29 | Build | Archery Range |
| 23:33 | Create | Villager (Male) |
| 23:35 | Build | Farm |
| 23:36 | Build | Farm |
| 23:38 | Build | Farm |
| 23:39 | Create | Villager (Male) |
| 23:40 | Create | Villager (Male) |
| 23:41 | Build | Farm |
| 23:42 | Research | Town Watch |
| 23:45 | Build | Farm |
| 23:53 | Create | Villager (Male) |
| 24:09 | Create | Villager (Male) |
| 24:13 | Create | Villager (Male) |
| 24:20 | Build | House |
| 24:25 | Build | Outpost |
| 24:33 | Research | Bodkin Arrow |
| 24:34 | Create | Villager (Male) |
| 24:37 | Build | Farm |
| 24:39 | Build | Farm |
| 24:40 | Create | Villager (Male) |
| 24:42 | Build | Farm |
| 24:44 | Build | Farm |
| 24:44 | Build | Farm |
| 24:57 | Create | Villager (Male) |
Build order — c3mbrich!
First 150 of 334 actions detected
| 0:01 | Create | Villager (Male) |
| 0:01 | Create | Villager (Male) |
| 0:02 | Build | House |
| 0:04 | Build | House |
| 0:11 | Create | Villager (Male) ×2 |
| 1:24 | Create | Villager (Male) |
| 1:48 | Build | Settlement |
| 2:01 | Create | Villager (Male) |
| 2:02 | Create | Villager (Male) |
| 2:42 | Create | Villager (Male) |
| 3:16 | Create | Villager (Male) |
| 3:40 | Create | Villager (Male) |
| 4:06 | Create | Villager (Male) |
| 4:19 | Create | Villager (Male) |
| 4:24 | Build | Dock |
| 5:01 | Create | Villager (Male) |
| 5:02 | Create | Villager (Male) |
| 5:09 | Create | Fishing Ship |
| 5:20 | Create | Villager (Male) |
| 5:34 | Build | House |
| 5:54 | Create | Villager (Male) |
| 5:55 | Create | Villager (Male) |
| 6:07 | Create | Fishing Ship |
| 6:19 | Create | Villager (Male) |
| 6:43 | Create | Villager (Male) |
| 6:51 | Create | Fishing Ship |
| 6:51 | Create | Villager (Male) |
| 6:54 | Create | Villager (Male) |
| 6:56 | Build | House |
| 6:59 | Create | Villager (Male) |
| 7:03 | Create | Villager (Male) |
| 7:34 | Research | Feudal Age |
| 7:51 | Create | Fishing Ship |
| 8:43 | Build | Settlement |
| 9:09 | Build | Dock |
| 9:17 | Create | Villager (Male) |
| 9:44 | Age | Feudal Age |
| 9:48 | Create | Villager (Male) |
| 9:52 | Create | Galley |
| 9:53 | Create | Galley |
| 9:54 | Create | Villager (Male) |
| 10:02 | Create | Villager (Male) |
| 10:10 | Create | Villager (Male) |
| 10:22 | Build | Dock |
| 10:28 | Create | Villager (Male) |
| 10:40 | Build | House |
| 10:41 | Create | Villager (Male) |
| 10:46 | Create | Galley |
| 10:46 | Create | Galley |
| 11:24 | Build | Blacksmith |
| 11:27 | Create | Galley |
| 11:28 | Create | Villager (Male) |
| 11:34 | Create | Villager (Male) |
| 12:02 | Create | Galley |
| 12:05 | Create | Villager (Male) |
| 12:24 | Research | Fletching |
| 12:27 | Create | Galley |
| 12:27 | Create | Galley |
| 12:30 | Create | Villager (Male) |
| 12:32 | Create | Villager (Male) |
| 12:34 | Build | House |
| 12:47 | Build | House |
| 13:05 | Create | Galley |
| 13:08 | Create | Villager (Male) |
| 13:10 | Create | Villager (Male) |
| 13:26 | Build | Settlement |
| 13:32 | Create | Villager (Male) |
| 13:49 | Create | Galley |
| 14:01 | Create | Galley |
| 14:09 | Create | Galley |
| 14:23 | Create | Villager (Male) |
| 14:24 | Create | Villager (Male) |
| 14:45 | Create | Galley |
| 14:46 | Create | Villager (Male) |
| 15:05 | Build | Market |
| 15:47 | Create | Galley |
| 15:48 | Create | Galley |
| 15:48 | Create | Galley |
| 15:53 | Create | Villager (Male) |
| 16:15 | Create | Galley |
| 16:27 | Create | Villager (Male) |
| 16:41 | Build | House |
| 17:08 | Create | Villager (Male) |
| 17:10 | Build | House |
| 17:19 | Create | Galley |
| 17:21 | Build | House |
| 17:24 | Research | Castle Age |
| 17:31 | Create | Galley |
| 18:00 | Create | Galley |
| 18:23 | Create | Galley |
| 18:29 | Build | Dock |
| 18:32 | Create | Villager (Male) |
| 18:37 | Build | House |
| 18:41 | Create | Villager (Male) |
| 18:57 | Build | House |
| 19:06 | Create | Villager (Male) |
| 19:09 | Build | Dock |
| 19:35 | Create | Villager (Male) |
| 19:38 | Build | House |
| 19:45 | Create | Villager (Male) |
| 19:57 | Build | Barracks |
| 20:04 | Create | Transport Ship |
| 20:13 | Age | Castle Age |
| 20:15 | Build | House |
| 20:17 | Research | Tech 906 |
| 20:45 | Build | House |
| 20:47 | Create | Villager (Male) |
| 20:58 | Research | Bodkin Arrow |
| 20:59 | Research | Bodkin Arrow |
| 21:22 | Build | Town Center |
| 21:38 | Research | War Galley (upgrade) |
| 21:41 | Create | Villager (Male) |
| 21:44 | Build | Palisade Wall |
| 21:45 | Build | House |
| 21:47 | Build | Palisade Wall |
| 21:48 | Build | Palisade Wall |
| 21:56 | Build | Settlement |
| 22:00 | Create | Villager (Male) |
| 22:18 | Build | Archery Range |
| 22:23 | Build | House |
| 22:56 | Create | Villager (Male) ×2 |
| 23:06 | Create | Villager (Male) |
| 23:14 | Build | Archery Range |
| 23:17 | Create | Bolas Rider |
| 23:17 | Create | Bolas Rider |
| 23:22 | Build | Archery Range |
| 23:25 | Create | Villager (Male) |
| 23:32 | Create | Villager (Male) |
| 23:33 | Create | Villager (Male) |
| 23:35 | Create | Villager (Male) |
| 23:46 | Create | Bolas Rider |
| 23:47 | Create | Bolas Rider |
| 24:00 | Create | Bolas Rider |
| 24:01 | Create | Bolas Rider |
| 24:04 | Create | Villager (Male) |
| 24:06 | Build | House |
| 24:24 | Create | Bolas Rider |
| 24:24 | Create | Bolas Rider |
| 24:26 | Build | House |
| 24:28 | Create | Bolas Rider |
| 24:29 | Create | Bolas Rider |
| 24:31 | Create | Bolas Rider |
| 24:37 | Create | Villager (Male) |
| 24:40 | Build | House |
| 24:54 | Create | Villager (Male) |
| 24:54 | Create | Villager (Male) |
| 25:00 | Build | Farm |
| 25:01 | Build | Farm |
| 25:02 | Build | Farm |
| 25:02 | Build | Farm |
Build order — VN_KoNFeR
First 150 of 311 actions detected
| 0:01 | Create | Villager (Male) |
| 0:03 | Build | House |
| 0:05 | Build | House |
| 0:13 | Create | Villager (Male) |
| 0:13 | Create | Villager (Male) |
| 0:23 | Create | Villager (Male) |
| 0:24 | Create | Villager (Male) |
| 1:21 | Create | Villager (Male) |
| 1:21 | Create | Villager (Male) |
| 1:29 | Build | Lumber Camp |
| 1:52 | Create | Villager (Male) |
| 2:30 | Create | Villager (Male) |
| 2:31 | Create | Villager (Male) |
| 2:54 | Create | Villager (Male) |
| 3:24 | Create | Villager (Male) |
| 3:25 | Create | Villager (Male) |
| 3:45 | Build | Dock |
| 3:54 | Create | Villager (Male) |
| 4:10 | Build | House |
| 4:16 | Create | Villager (Male) |
| 4:26 | Create | Fishing Ship |
| 4:44 | Create | Villager (Male) |
| 5:08 | Create | Villager (Male) |
| 5:17 | Create | Fishing Ship |
| 5:28 | Create | Villager (Male) |
| 5:34 | Build | House |
| 6:02 | Create | Villager (Male) |
| 6:09 | Create | Fishing Ship |
| 6:16 | Create | Villager (Male) |
| 6:31 | Build | House |
| 6:36 | Create | Villager (Male) |
| 6:58 | Create | Villager (Male) |
| 7:07 | Create | Fishing Ship |
| 7:30 | Create | Villager (Male) |
| 7:37 | Build | Dock |
| 7:50 | Research | Loom |
| 7:58 | Create | Villager (Male) |
| 8:03 | Create | Villager (Male) |
| 8:27 | Create | Fishing Ship |
| 8:28 | Create | Fishing Ship |
| 8:30 | Build | House |
| 8:53 | Research | Loom |
| 8:58 | Build | Lumber Camp |
| 9:09 | Build | Lumber Camp |
| 9:14 | Research | Feudal Age |
| 9:16 | Create | Fishing Ship |
| 9:25 | Create | Fishing Ship |
| 9:29 | Build | House |
| 10:01 | Create | Fishing Ship |
| 10:01 | Create | Fishing Ship |
| 10:31 | Build | Mining Camp |
| 10:50 | Create | Fishing Ship |
| 10:50 | Create | Fishing Ship |
| 11:19 | Create | Villager (Male) |
| 11:22 | Create | Fishing Ship |
| 11:24 | Age | Feudal Age |
| 11:26 | Research | Tech 906 |
| 11:40 | Build | Dock |
| 11:48 | Create | Villager (Male) |
| 11:53 | Build | House |
| 12:10 | Create | Villager (Male) |
| 12:13 | Create | Transport Ship |
| 12:38 | Create | Villager (Male) |
| 12:40 | Create | Fishing Ship |
| 12:54 | Create | Villager (Male) |
| 13:02 | Create | Fishing Ship |
| 13:02 | Create | Fishing Ship |
| 13:02 | Create | Fishing Ship |
| 13:31 | Create | Villager (Male) |
| 13:34 | Build | House |
| 13:36 | Build | House |
| 13:37 | Build | House |
| 13:49 | Research | Castle Age |
| 14:03 | Build | Stable |
| 14:30 | Build | House |
| 14:35 | Build | Blacksmith |
| 14:57 | Create | Villager (Male) |
| 14:57 | Create | Scout Cavalry |
| 15:28 | Research | Fletching |
| 15:31 | Build | Lumber Camp |
| 15:49 | Create | Scout Cavalry |
| 15:54 | Research | Forging |
| 16:20 | Create | Scout Cavalry |
| 16:23 | Build | House |
| 16:29 | Age | Castle Age |
| 16:32 | Build | Mill |
| 16:33 | Create | Villager (Male) |
| 16:40 | Build | Monastery |
| 17:12 | Create | Villager (Male) |
| 17:15 | Create | Scout Cavalry |
| 17:28 | Build | Town Center |
| 17:30 | Create | Villager (Male) |
| 17:34 | Create | Monk |
| 18:00 | Research | Bloodlines |
| 18:05 | Build | Stable |
| 18:07 | Research | Scale Barding Armor |
| 18:21 | Research | Light Cavalry (upgrade) |
| 18:21 | Create | Villager (Male) |
| 18:38 | Create | Villager (Male) |
| 18:55 | Research | Double-Bit Axe |
| 18:57 | Create | Villager (Male) |
| 18:58 | Create | Villager (Male) |
| 19:05 | Create | Monk |
| 19:10 | Create | Knight |
| 19:24 | Create | Villager (Male) |
| 19:28 | Build | Lumber Camp |
| 19:35 | Research | Horse Collar |
| 19:35 | Research | Horse Collar |
| 19:37 | Create | Villager (Male) |
| 19:38 | Build | Farm |
| 19:41 | Build | Farm |
| 19:42 | Create | Villager (Male) |
| 19:49 | Create | Knight |
| 19:58 | Build | Farm |
| 20:02 | Create | Villager (Male) |
| 20:12 | Create | Villager (Male) |
| 20:17 | Build | Farm |
| 20:19 | Build | Farm |
| 20:22 | Build | Farm |
| 20:38 | Build | Mining Camp |
| 20:38 | Create | Villager (Male) |
| 20:39 | Create | Villager (Male) |
| 20:46 | Create | Knight |
| 20:46 | Create | Knight |
| 21:01 | Create | Knight |
| 21:03 | Create | Villager (Male) |
| 21:03 | Create | Villager (Male) |
| 21:04 | Create | Villager (Male) |
| 21:14 | Build | Siege Workshop |
| 21:23 | Create | Villager (Male) |
| 21:27 | Create | Knight |
| 21:27 | Create | Knight |
| 21:30 | Build | Farm |
| 21:30 | Build | Farm |
| 21:43 | Create | Knight |
| 21:44 | Create | Villager (Male) |
| 21:45 | Create | Villager (Male) |
| 21:47 | Build | Farm |
| 21:48 | Build | Farm |
| 21:51 | Create | Villager (Male) |
| 22:08 | Build | Outpost |
| 22:09 | Create | Scorpion |
| 22:21 | Build | House |
| 22:22 | Create | Villager (Male) |
| 22:25 | Create | Knight |
| 22:33 | Research | Town Watch |
| 22:34 | Build | Farm |
| 22:35 | Build | Farm |
| 22:35 | Build | Farm |
| 22:35 | Build | Farm |
Build order — Poxo
First 150 of 281 actions detected
| 0:00 | Create | Villager (Male) |
| 0:00 | Create | Villager (Male) |
| 0:02 | Build | House |
| 0:03 | Build | House |
| 0:06 | Create | Villager (Male) |
| 0:06 | Create | Villager (Male) |
| 1:28 | Build | Lumber Camp |
| 1:34 | Create | Villager (Male) |
| 1:34 | Create | Villager (Male) |
| 2:00 | Create | Villager (Male) |
| 2:01 | Create | Villager (Male) |
| 2:22 | Create | Villager (Male) |
| 2:44 | Create | Villager (Male) |
| 2:44 | Create | Villager (Male) |
| 3:00 | Build | House |
| 3:17 | Create | Villager (Male) |
| 3:17 | Create | Villager (Male) |
| 3:30 | Create | Villager (Male) |
| 3:53 | Build | Dock |
| 3:57 | Create | Villager (Male) |
| 4:15 | Create | Villager (Male) |
| 4:15 | Create | Villager (Male) |
| 4:36 | Create | Fishing Ship |
| 4:48 | Create | Villager (Male) |
| 5:06 | Build | House |
| 5:19 | Create | Fishing Ship |
| 5:20 | Create | Villager (Male) |
| 5:42 | Create | Villager (Male) |
| 5:44 | Create | Villager (Male) |
| 5:54 | Create | Villager (Male) |
| 6:02 | Create | Fishing Ship |
| 6:14 | Build | House |
| 6:25 | Create | Villager (Male) |
| 6:45 | Create | Fishing Ship |
| 7:30 | Research | Feudal Age |
| 7:58 | Build | Lumber Camp |
| 8:19 | Build | Mining Camp |
| 8:40 | Create | Villager (Male) |
| 8:46 | Build | Dock |
| 9:11 | Build | House |
| 9:31 | Build | Dock |
| 9:40 | Age | Feudal Age |
| 9:41 | Create | Fire Galley |
| 9:41 | Create | Fire Galley |
| 9:43 | Research | Double-Bit Axe |
| 9:57 | Create | Villager (Male) |
| 10:11 | Create | Villager (Male) |
| 10:12 | Create | Fire Galley |
| 10:12 | Create | Fire Galley |
| 10:17 | Build | House |
| 10:41 | Create | Fire Galley |
| 10:45 | Build | House |
| 10:54 | Create | Fire Galley |
| 11:05 | Create | Villager (Male) |
| 11:08 | Create | Fire Galley |
| 11:08 | Create | Fire Galley |
| 11:12 | Create | Villager (Male) |
| 11:40 | Create | Fire Galley |
| 11:40 | Create | Fire Galley |
| 11:41 | Create | Villager (Male) |
| 11:56 | Create | Fire Galley |
| 12:02 | Create | Villager (Male) |
| 12:18 | Create | Villager (Male) |
| 12:33 | Build | Mill |
| 12:36 | Create | Fire Galley |
| 12:59 | Create | Villager (Male) |
| 13:01 | Create | Fishing Ship |
| 13:01 | Create | Fishing Ship |
| 13:01 | Create | Fishing Ship |
| 13:01 | Create | Fishing Ship |
| 13:33 | Build | House |
| 13:34 | Build | House |
| 13:56 | Create | Villager (Male) |
| 13:56 | Create | Villager (Male) |
| 13:58 | Build | House |
| 14:17 | Create | Villager (Male) |
| 14:21 | Create | Villager (Male) |
| 14:23 | Build | Market |
| 14:37 | Create | Fire Galley |
| 14:57 | Create | Villager (Male) |
| 14:59 | Build | Blacksmith |
| 15:12 | Build | Dock |
| 15:27 | Create | Fire Galley |
| 15:28 | Create | Fire Galley |
| 15:39 | Research | Wheelbarrow |
| 15:43 | Build | House |
| 15:43 | Build | House |
| 16:00 | Create | Fire Galley |
| 16:15 | Create | Villager (Male) |
| 16:47 | Create | Villager (Male) |
| 17:25 | Create | Villager (Male) |
| 17:47 | Create | Fishing Ship |
| 17:48 | Create | Fishing Ship |
| 17:49 | Build | House |
| 17:49 | Build | House |
| 18:19 | Research | Castle Age |
| 18:19 | Research | Castle Age |
| 18:41 | Create | Fire Galley |
| 18:41 | Create | Fire Galley |
| 18:42 | Create | Villager (Male) |
| 18:45 | Research | Gold Mining |
| 19:25 | Create | Fire Galley |
| 19:27 | Create | Villager (Male) |
| 19:35 | Build | Farm |
| 19:35 | Build | Farm |
| 19:36 | Build | Farm |
| 19:36 | Build | Farm |
| 19:38 | Create | Fire Galley |
| 19:38 | Create | Fire Galley |
| 19:40 | Create | Fire Galley |
| 20:10 | Create | Villager (Male) |
| 20:14 | Build | Lumber Camp |
| 20:17 | Build | Lumber Camp |
| 20:42 | Research | Tech 906 |
| 20:48 | Create | Villager (Male) |
| 20:50 | Create | Villager (Male) |
| 21:12 | Age | Castle Age |
| 21:16 | Research | War Galley (upgrade) |
| 21:16 | Research | War Galley (upgrade) |
| 21:17 | Research | Fletching |
| 21:26 | Research | Bow Saw |
| 21:29 | Create | Fire Galley |
| 21:35 | Create | Villager (Male) |
| 22:00 | Create | Fire Galley |
| 22:00 | Create | Fire Galley |
| 22:01 | Create | Villager (Male) |
| 22:19 | Create | Fire Galley |
| 22:20 | Create | Fire Galley |
| 22:37 | Create | Fire Galley |
| 22:37 | Create | Fire Galley |
| 22:38 | Create | Villager (Male) |
| 22:46 | Build | University |
| 22:57 | Create | Fire Galley |
| 23:04 | Create | Villager (Male) |
| 23:09 | Build | Lumber Camp |
| 23:14 | Create | Villager (Male) |
| 23:34 | Create | Fire Galley |
| 23:34 | Create | Fire Galley |
| 23:38 | Create | Fire Galley |
| 23:53 | Research | Tech 909 |
| 23:54 | Research | Tech 909 |
| 23:59 | Research | Tech 908 |
| 23:59 | Research | Tech 908 |
| 24:04 | Create | Fire Galley |
| 24:04 | Create | Fire Galley |
| 24:31 | Create | Fire Galley |
| 24:31 | Create | Fire Galley |
| 24:31 | Create | Fire Galley |
| 24:39 | Create | Fire Galley |
| 24:42 | Create | Villager (Male) ×5 |
Match timeline
| 3:45 | VN_Zko · first_building Dock |
| 3:45 | VN_KoNFeR · first_building Dock |
| 3:51 | VN_DarK_KnighT_ · first_building Dock |
| 3:53 | Poxo · first_building Dock |
| 4:17 | Oni.TaToH · first_building Dock |
| 4:24 | c3mbrich! · first_building Dock |
| 4:34 | VN_MiLLeNcOlin · first_building Dock |
| 4:43 | [R1] RumBa · first_building Dock |
| 9:34 | VN_Zko · age_up feudal |
| 9:40 | Poxo · age_up feudal |
| 9:41 | [R1] RumBa · age_up feudal |
| 9:44 | c3mbrich! · age_up feudal |
| 10:08 | VN_MiLLeNcOlin · age_up feudal |
| 10:58 | VN_DarK_KnighT_ · age_up feudal |
| 11:17 | VN_MiLLeNcOlin · first_building Barracks |
| 11:24 | VN_KoNFeR · age_up feudal |
| 12:20 | VN_MiLLeNcOlin · first_building Stable |
| 12:45 | VN_DarK_KnighT_ · first_market_buy 100 food |
| 12:57 | VN_DarK_KnighT_ · first_market_sell 100 stone |
| 13:09 | Oni.TaToH · age_up feudal |
| 14:03 | VN_KoNFeR · first_building Stable |
| 15:27 | VN_Zko · wall_segment Stone Wall x1 |
| 15:55 | Oni.TaToH · first_building Barracks |
| 16:04 | VN_DarK_KnighT_ · age_up castle |
| 16:29 | VN_KoNFeR · age_up castle |
| 16:30 | c3mbrich! · first_market_buy 100 food |
| 16:40 | VN_KoNFeR · first_building Monastery |
| 16:43 | Oni.TaToH · age_up castle |
| 16:48 | Poxo · first_market_sell 100 wood |
| 16:49 | Poxo · first_market_buy 100 food |
| 16:49 | c3mbrich! · first_market_sell 100 stone |
| 17:00 | VN_MiLLeNcOlin · first_market_buy 100 food |
| 17:03 | VN_MiLLeNcOlin · first_market_sell 100 wood |
| 18:38 | Oni.TaToH · first_building Monastery |
| 18:56 | VN_Zko · first_market_sell 500 stone |
| 18:56 | VN_Zko · first_market_buy 100 food |
| 19:49 | VN_MiLLeNcOlin · age_up castle |
| 19:57 | c3mbrich! · first_building Barracks |
| 20:13 | c3mbrich! · age_up castle |
| 21:12 | Poxo · age_up castle |
| 21:14 | VN_KoNFeR · first_building Siege Workshop |
| 21:44 | c3mbrich! · wall_segment Palisade Wall x1 |
| 21:45 | [R1] RumBa · age_up castle |
| 21:47 | c3mbrich! · wall_segment Palisade Wall x1 |
| 21:48 | c3mbrich! · wall_segment Palisade Wall x1 |
| 22:18 | c3mbrich! · first_building Archery Range |
| 22:42 | [R1] RumBa · first_building Monastery |
| 23:16 | Oni.TaToH · first_market_sell 100 stone |
| 23:17 | VN_Zko · age_up castle |
| 23:28 | VN_MiLLeNcOlin · first_building Archery Range |
| 25:51 | VN_Zko · wall_segment Palisade Wall x1 |
| 26:02 | c3mbrich! · first_building Siege Workshop |
| 26:15 | Oni.TaToH · first_building Castle |
| 26:31 | Poxo · first_building Monastery |
| 26:49 | VN_MiLLeNcOlin · first_building Siege Workshop |
| 26:50 | VN_Zko · first_building Siege Workshop |
| 27:35 | [R1] RumBa · first_building Siege Workshop |
| 28:05 | VN_Zko · first_building Barracks |
| 29:14 | VN_Zko · first_building Castle |
| 29:19 | VN_DarK_KnighT_ · first_building Monastery |
| 30:44 | VN_DarK_KnighT_ · first_building Castle |
| 31:46 | [R1] RumBa · first_market_buy 100 food |
| 32:32 | [R1] RumBa · first_market_sell 100 wood |
| 32:40 | Poxo · first_building Castle |
| 32:55 | [R1] RumBa · wall_segment Stone Wall x2 |
| 33:00 | [R1] RumBa · wall_segment Stone Wall x3 |
| 33:06 | VN_Zko · first_building Archery Range |
| 33:12 | Oni.TaToH · first_building Stable |
| 33:26 | [R1] RumBa · wall_segment Stone Wall x8 |
| 33:28 | c3mbrich! · first_building Monastery |
| 34:12 | Poxo · age_up imperial |
| 34:26 | [R1] RumBa · wall_segment Stone Wall x2 |
| 34:28 | [R1] RumBa · wall_segment Stone Wall x1 |
| 34:31 | VN_KoNFeR · first_building Castle |
| 34:32 | VN_MiLLeNcOlin · first_building Castle |
| 34:38 | Oni.TaToH · age_up imperial |
| 34:57 | Oni.TaToH · first_building Siege Workshop |
| 36:20 | VN_Zko · tribute_sent a jugador 2 |
| 36:20 | VN_Zko · tribute_sent a jugador 3 |
| 36:20 | VN_Zko · tribute_sent a jugador 4 |
| 36:20 | VN_Zko · tribute_sent a jugador 5 |
| 36:20 | VN_Zko · tribute_sent a jugador 6 |
| 36:20 | VN_Zko · tribute_sent a jugador 7 |
| 36:20 | VN_Zko · tribute_sent a jugador 8 |
| 36:39 | VN_DarK_KnighT_ · first_building Barracks |
| 36:54 | Oni.TaToH · first_market_buy 100 wood |
| 37:05 | [R1] RumBa · first_building Castle |
| 38:12 | VN_KoNFeR · resign |
[ AI ANALYSIS · 1 CREDIT ]
What really happened in this match?
Wolo.gg analyzes every decision: build order, eco, micro, common mistakes by bracket. Personalized analysis on WhatsApp or Discord in 30 seconds.
Civ guide
Vikings
Perfil
VN_Trompa de Caimán